 Dungeon Crawl Stone Soup version 0.31-a0-277-g31ea1f65cc (webtiles) character file.

Game seed: 881274269506676458

88 gruber the Ruffian (level 4, -1/61 HPs)
             Began as a Troll Shapeshifter on July 15, 2023.
             Succumbed to Sigmund's poison
             ... on level 2 of the Dungeon.
             The game lasted 00:01:00 (740 turns).

gruber the Ruffian (Troll Shapeshifter)              Turns: 740, Time: 00:01:00

Health: -1/61      AC: 22    Str: 25    XL:     4   Next: 29%
Magic:  3/3        EV:  1    Int:  4    God:
Gold:   61         SH:  0    Dex: 10    Spells: 3/3 levels left

rFire   . .          .
                       - Unarmed
rCold   . . .        (no shield)
rNeg    . . .        a - melded +0 animal skin
rPois   +            (helmet currently unavailable)
rElec   .            (cloak currently unavailable)
rCorr   .            (gloves unavailable)
SInv    .            (boots unavailable)
Will    .....        (no amulet)
Stlth   +            (no ring)
HPRegen 1.10/turn    (no ring)
MPRegen 0.08/turn

%: no passive effects
@: lethally poisoned (-1 -> -17), tree-form
A: stationary, stasis, torment immunity, boosted hp, large, unfitting armour,
(claws 3), regeneration 1, (shaggy fur 1), (tough skin 1)
a: no special abilities


You were on level 2 of the Dungeon.
You were a tree.
You visited 1 branch of the dungeon, and saw 2 of its levels.

You collected 61 gold pieces.

Inventory:

Missiles
 e - 5 poisoned darts (quivered)
Armour
 a - a +0 animal skin (melded)
Talismans
 c - a beast talisman
Scrolls
 f - a scroll of blinking {unknown}
 g - a scroll of teleportation {unknown}
 i - a scroll of vulnerability {unknown}
Potions
 d - 2 potions of curing {unknown}
 h - a potion of attraction {unknown}


   Skills:
 - Level 1.5 Fighting
 - Level 1.5 Dodging
 + Level 4.6 Unarmed Combat
 - Level 3.0 Shapeshifting


You had 3 spell levels left.
You didn't know any spells.
Your spell library contained the following spells:

 Spells                   Type           Power      Damage    Failure   Level
 Sandblast                Erth           0%         2d4       50%         1
 Passwall                 Tmut/Erth      0%         N/A       65%         2
 Stone Arrow              Conj/Erth      0%         3d7       86%         3


Dungeon Overview and Level Annotations

Branches:
Dungeon (2/15)

Altars:

Shops:
D:1 *

Annotations:
D:1 2 transporters
D:2 Sigmund


Innate Abilities, Weirdness & Mutations

You are a tree.
Your roots penetrate the ground, keeping you stationary.
You cannot be teleported.
You are immune to unholy pain and torment.
Your maximum health is greatly increased.
Your equipment is partially melded.
You are too large for most types of armour.
((You have claws for hands.))
Your natural rate of healing is unusually fast.
((You are covered in fur. (AC +1)))
((You have tough skin. (AC +1)))


Message History

You hear some strange, mumbled words.
Something tries to affect you, but you resist.
You bump into the rock wall.
You bump into the rock wall.
Something hits you.
You are poisoned.
You bump into the rock wall.
You feel very sick.
You bump into the rock wall.
You feel less confused.
You feel sick.
You hear some strange, mumbled words.
Something tries to affect you, but you resist.
You feel sick. Something hits you!
You are more poisoned.
You claw something!
You feel very sick. Something hits you.
You are lethally poisoned!
You scratch something.
* * * LOW HITPOINT WARNING * * *
You feel very sick.
You claw something!
* * * LOW HITPOINT WARNING * * *
You feel very sick. Something hits you but does no damage.
You are more poisoned.
Really quaff the potion of lignification?
Your transformation has ended.
You turn into a tree.
Your +0 animal skin melds into your body.
Your roots penetrate the ground.
* * * LOW HITPOINT WARNING * * *
You feel very sick.
You closely miss something.
* * * LOW HITPOINT WARNING * * *
You feel very sick. Something hits you but does no damage.
You are more poisoned.
You closely miss something.
You die...

.....................
.............#....... # #
.####................
..#. ######..........)†..
.........................
...######.......######.
... #.......# #..
#†####.......# #.#
#S{♣..######## ##.#
#####.####### ##..#
#.......####..##
#######....>...#
..............#
..............#
####..........
##........# #........#


You could see an adder.

Vanquished Creatures
  A hound (D:2)
  An adder (D:2)
  A worm (D:2)
  A dart slug (D:1)
  An endoplasm (D:1)
  3 giant cockroaches
  A goblin (D:1)
  4 hobgoblins
  2 jackals (D:1)
  4 kobolds
  4 quokkas
  9 ball pythons
  5 bats
  2 frilled lizards (D:1)
  2 rats
41 creatures vanquished.

Notes
Turn   | Place    | Note
-------+----------+-------------------------------------------
     0 | D:1      | gruber the Troll Shapeshifter began the quest for the Orb.
     0 | D:1      | Reached XP level 1. HP: 19/19 MP: 0/0
    97 | D:1      | Reached XP level 2. HP: 27/27 MP: 1/1
   105 | D:1      | Reached skill level 3 in Unarmed Combat
   210 | D:1      | Found Cuacac's Assorted Antiques.
   233 | D:1      | Reached XP level 3. HP: 33/33 MP: 2/2
   636 | D:2      | Reached skill level 4 in Unarmed Combat
   720 | D:2      | Noticed Sigmund
   725 | D:2      | Reached XP level 4. HP: 37/41 MP: 3/3
   739 | D:2      | HP: 3/61 [poisoned by Sigmund]
   740 | D:2      | Succumbed to Sigmund's poison

Illustrated notes

Levels and vault maps discovered:
D:1:      spicycebolla_arrival_transporter_tutorial, layout_basic, serial_shops,
          nicolae_shop_tiny_glass
D:2:      layout_rooms, uniq_sigmund, uniq_natasha

Skill      XL: |  1  2  3 |
---------------+----------+-----
Unarmed Combat | 3 4 |  4.6
Fighting       | |  1.5
Dodging        | |  1.5
Shapeshifting  | |  3.0

Action                     |  1- 3 |  4- 6 || total
---------------------------+-------+-------++-------
  Melee: Unarmed           |    79 |     5 ||    84
         Punch             |     1 |       ||     1
    Use: Potion            |       |     1 ||     1
 Armour: Animal skin       |    31 |     1 ||    32
         Skin              |       |     1 ||     1
  Dodge: Dodged            |    37 |       ||    37

Table legend: (Time is in decaauts)
 A = Elapsed time spent in this place.
 B = Non-inter-level travel time spent in this place.
 C = Inter-level travel time spent in this place.
 D = Time resting spent in this place.
 E = Time spent auto-exploring this place.
 F = Levels seen in this place.
 G = Mean time per level.
                   A        B        C        D        E       F      G
               +--------+--------+--------+--------+--------+-----+--------+
         Total |    734 |    691 |     43 |      0 |    493 |   2 |  367.0 |
       Dungeon |    734 |    691 |     43 |      0 |    493 |   2 |  367.0 |
               +--------+--------+--------+--------+--------+-----+--------+

Top non-repeatable levels by time:
     D:1: 597 daAuts
     D:2: 136 daAuts
